Unix NetHack Version 5.0.0-0 post-release - last build May  4 2026 22:22:43 (774f63e81ad911689b3a0859ea89b322d5daca8d,branch:main).

Game began 2026-05-07 15:39:19, ended 2026-05-07 15:56:28.

Ackbladder, neutral female gnomish Wizard

             --------------
  ------     |..<.........+####
  |.....#    |............|####################
  |.*..|#   #|[............######-----------|-#          ---------------
  |[.[.|##  #--.-----------#  C #|*.........*|###########..............|
  |... | ###################  #@#|.....*.....|           |.............|
  ----|-  ##                    f-...-----...|     ######..............|
     ##   #                     #|.*.|.{.|...|     #     |.............|
     #   ##                     #|..*|{.{|*..|     #     |...........>.|
     #  ##                      #|...|.{ |*..|     #     ---------------
 ----.--#         --------      #|...-.---...|    ##
 |.*....#         |......|      #|.....*.....|    #
 |.....|     #####.%.....|      #|**..*.....*|    #
 |......######    |...^..|      #------------- ####
 -------          |......|      ################
                  --------

Ackbladder the Thaumaturge  St:11 Dx:13 Co:14 In:19 Wi:12 Ch:10  Neutral
Dlvl:6  $:146 HP:0(39) Pw:36(50) AC:9  Xp:6 T:3155  Satiated

Latest messages:
 The paper golem is destroyed!
 You swap places with your housecat.
 You see here 2 unlabeled scrolls.
 You have a little trouble lifting S - 2 unlabeled scrolls.
 Wizard needs food, badly!
 You stop searching.
 What do you want to eat? [v or ?*] ?
 What do you want to eat? [v or ?*] v
 This food really hits the spot!
 You finish eating the food ration.
 You hear a strange wind.
 You stop searching.
 The mountain nymph stole a spellbook of restore ability.
 Your movements are now unencumbered.
 The mountain nymph vanishes!
 You find a hidden passage.
 The jaguar hits!
 The jaguar hits again!
 The jaguar bites!
 In what direction? 6
 The spell hits the jaguar!
 The jaguar hits!
 The jaguar hits again!
 The jaguar bites!
 In what direction? 6
 The spell hits the jaguar!
 You kill the jaguar!
 There is an open door here.
 You see here a jaguar corpse.
 There is a jaguar corpse here; eat it? [ynq] (n) y
 This jaguar corpse tastes okay.
 You finish eating the jaguar corpse.
 The mountain nymph stole an uncursed scroll of enchant armor.
 The mountain nymph vanishes!
 In what direction? 7
 The spell misses the plains centaur.
 The plains centaur gets angry!
 The plains centaur hits!
 The plains centaur kicks!
 The plains centaur hits!
 The plains centaur kicks!
 You stop.  Your housecat is in the way!
 The plains centaur hits!
 The plains centaur kicks!
 You stop.  Your housecat is in the way!
 The plains centaur hits!
 The plains centaur kicks!
 You die...
 Do you want your possessions identified? [ynq] (y) y
 Do you want to see your attributes? [ynq] (y) q

Inventory:
 Coins    ('$')
  $ - 146 gold pieces
 Weapons  (')')
  J - a cursed -2 sling
  K - 13 +0 darts
  x - a +0 orcish dagger
  a - a blessed +1 quarterstaff (weapon in hands)
 Armor    ('[')
  F - an uncursed +0 helm of caution
  D - a cursed -2 pair of fumble boots
  b - an uncursed +0 cloak of magic resistance (being worn)
 Comestibles  ('%')
  v - 3 uncursed food rations
 Scrolls  ('?')
  S - 2 uncursed scrolls of blank paper
  r - an uncursed scroll of create monster
  k - an uncursed scroll of destroy armor
  t - 2 uncursed scrolls of enchant weapon
  i - an uncursed scroll of gold detection
  C - an uncursed scroll of light
  s - an uncursed scroll of scare monster
  R - an uncursed scroll of teleportation
 Spellbooks  ('+')
  u - an uncursed spellbook of detect monsters
  l - a blessed spellbook of force bolt
  m - an uncursed spellbook of healing
  B - an uncursed spellbook of healing
  P - an uncursed spellbook of light
 Potions  ('!')
  z - an uncursed potion of blindness
  f - a blessed potion of fruit juice
  g - an uncursed potion of healing
  Q - a blessed potion of levitation
  h - an uncursed potion of levitation
  N - a blessed potion of restore ability
 Rings    ('=')
  d - an uncursed ring of cold resistance
  e - an uncursed ring of shock resistance
 Wands    ('/')
  c - a wand of light (0:14)
  y - a wand of nothing (0:11)
 Tools    ('(')
  o - an uncursed blindfold
  n - a magic marker (0:19)
  L - an uncursed tallow candle

Ackbladder the Wizard's attributes:

Background:
 You were a Thaumaturge, a level 6 female gnomish Wizard.
 You were neutral, on a mission for Thoth
 who was opposed by Ptah (lawful) and Anhur (chaotic).
 You were right-handed.
 You were in the Dungeons of Doom, on level 6.
 You entered the dungeon 3155 turns ago.
 You had 537 experience points, 103 more were needed to attain level 7.

Basics:
 You had 0 out of 39 hit points.
 You had 36 out of 50 energy points (spell power).
 Your armor class was 9.
 Your wallet contained 146 zorkmids.
 Autopickup was off.

Final Characteristics:
 Your strength was 11 (limit:18/50).
 Your dexterity was 13 (limit:18).
 Your constitution was 14 (limit:18).
 Your intelligence was 19 (limit:19).
 Your wisdom was 12 (limit:18).
 Your charisma was 10 (limit:18).

Final Status:
 You were satiated.
 You were unencumbered.
 You were wielding a quarterstaff.
 You were skilled in quarterstaff.

Final Attributes:
 You were piously aligned.
 You were magic-protected.
 You had infravision.
 You were warded.
 You are dead.

Miscellaneous:
 You didn't encounter any bones levels.
 Total elapsed playing time was 17 minutes and 8 seconds.

Major events:
 Turn
    1: Ackbladder the neutral female gnomish Wizard entered the dungeon
  395: attained the rank of Conjurer (level 3)
 1254: entered the Gnomish Mines
 2136: attained the rank of Thaumaturge (level 6)
 3155: killed by a plains centaur

Spells:
 Name                 Level Category     Fail Retention
 force bolt             1   attack         0%   81%-90%
 healing                1   healing        0%  76%-100%
 detect monsters        1   divination     0%  76%-100%
 restore ability        4   healing       93%  76%-100%

Skills:
 Fighting Skills
   bare handed combat [Unskilled]
   riding             [Unskilled]
 Weapon Skills
   dagger             [Unskilled]
   knife              [Unskilled]
   axe                [Unskilled]
   short sword        [Unskilled]
   club               [Unskilled]
   mace               [Unskilled]
   quarterstaff       [Skilled]
   polearms           [Unskilled]
   spear              [Unskilled]
   trident            [Unskilled]
   sling              [Unskilled]
   dart               [Unskilled]
   shuriken           [Unskilled]
 Spellcasting Skills
   attack spells      [Basic]
   healing spells     [Unskilled]
   divination spells  [Unskilled]
   enchantment spells [Basic]
   clerical spells    [Unskilled]
   escape spells      [Unskilled]
   matter spells      [Unskilled]

Voluntary challenges:
 Character rerolling was not enabled.
 You never genocided any monsters.
 You never polymorphed an object.
 You never changed form.
 You used no wishes.
Achievements:
 You entered a shop.
 You attained the rank of Conjurer.
 You entered the Gnomish Mines.
 You attained the rank of Thaumaturge.

 The Dungeons of Doom: levels 1 to 7
    Level 1:
       A fountain, a sink.
    Level 2:
       A weapon shop, an altar to Thoth.
    Level 3:
       A fountain.
    Level 4:
       An armor shop, a grave.
       Stairs down to The Gnomish Mines.
    Level 5:
    Level 6: <- You were here.
       Many fountains.
       Final resting place for
          you, killed by a plains centaur.
    Level 7:
 The Gnomish Mines:
    Level 5:


Vanquished creatures:
  a large mimic
  a small mimic
  a giant beetle
  a leprechaun
  a jaguar
  a dust vortex
  a mountain nymph
 an Uruk-hai
  a rock piercer
  a fog cloud
  a violet fungus
  2 kobold mummies
  a straw golem
  a paper golem
  a giant ant
  3 kittens
  2 homunculi
  a kobold shaman
  a rothe
  2 giant bats
  4 orc zombies
  a wererat
 an iguana
  a hobbit
  a hobgoblin
  6 giant rats
  2 cave spiders
  a gecko
  6 jackals
  3 kobolds
  a goblin
 11 grid bugs
  5 lichens
  4 newts
72 creatures vanquished.

No species were genocided or became extinct.

Game over:
                       ----------
                      /          \
                     /    REST    \
                    /      IN      \
                   /     PEACE      \
                  /                  \
                  |    Ackbladder    |
                  |      146 Au      |
                  |   killed by a    |
                  |  plains centaur  |
                  |                  |
                  |                  |
                  |       2026       |
                 *|     *  *  *      | *
        _________)/\\_//(\/(/\)/\//\/|_)_______

Goodbye Ackbladder the Wizard...

You died in The Dungeons of Doom on dungeon level 6 with 2580 points,
and 146 pieces of gold, after 3155 moves.
You were level 6 with a maximum of 39 hit points when you died.

